 Dungeon Crawl Stone Soup version 0.30-a0-141-g30f27751c5 (webtiles) character file.

Game seed: 5556922596233487942

159 qw the Chopper (level 5, -9/32 HPs)
             Began as a Gargoyle Fighter on Sept 25, 2022.
             Killed from afar by Ijyb (14 damage)
             ... with a bolt of acid
             ... on level 3 of the Dungeon.
             The game lasted 00:00:47 (2312 turns).

qw the Chopper (Gargoyle Fighter)                   Turns: 2312, Time: 00:00:47

Health: -9/32      AC: 11    Str: 21    XL:     5   Next: 40%
Magic:  3/5        EV:  7    Int:  9    God:
Gold:   97         SH:  4    Dex:  9    Spells: 4/4 levels left

rFire   . . .      SeeInvis .    Y - +1 war axe
rCold   . . .      Faith    .    c - +0 buckler
rNeg    + . .      Spirit   .    a - +0 chain mail
rPois   inf        Reflect  .    o - +0 helmet
rElec   +          Harm     .    (no cloak)
rCorr   .          Rampage  .    n - +0 pair of gloves
Will    .....                    (no boots)
Stlth   ..........               (no amulet)
HPRegen 0.10/turn                (no ring)
MPRegen 0.09/turn                (no ring)

@: about to teleport, corroded
A: sickness immunity, AC +4, negative energy resistance 1, electricity
resistance, torment resistance 1, petrification resistance
a: no special abilities


You were on level 3 of the Dungeon.
You visited 1 branch of the dungeon, and saw 3 of its levels.

You collected 97 gold pieces.


Innate Abilities, Weirdness & Mutations

You are immune to sickness and miasma.
Your stone body is resilient. (AC +4)
You are immune to poison.
You resist negative energy. (rN+)
You are resistant to electric shocks. (rElec)
You are resistant to unholy torment.
You are immune to petrification.


   Skills:
 + Level 3.2 Fighting
 - Level 5.0 Axes
 - Level 3.2 Armour
 - Level 3.2 Shields


You had 4 spell levels left.
You didn't know any spells.
Your spell library was empty.

Inventory:

Hand Weapons
 k - a +0 flail
 Y - a +1 war axe (weapon)
Missiles
 j - a boomerang (quivered)
Armour
 a - a +0 chain mail (worn)
 c - a +0 buckler (worn)
 n - a +0 pair of gloves (worn)
 o - a +0 helmet (worn)
Scrolls
 b - 3 scrolls of amnesia {unknown}
 h - 2 scrolls of noise {unknown}
 l - 3 scrolls of identify
Potions
 d - a potion of might
 e - a potion of heal wounds
 f - a potion of curing
 i - a potion of ambrosia {unknown}
 m - a potion of flight {unknown}

Dungeon Overview and Level Annotations

Branches:
Dungeon (3/15)

Altars:

Annotations:
D:3 1 runed translucent door, BraveToast's ghost, weakling DDFi; Ijyb


Message History

You kill the orc!
Things that are here:
a +0 club; a +0 chain mail You hit the orc.
You kill the orc!
You slash the orc!
You kill the orc!
Your Axes skill increases to level 5!
Ijyb barely misses you.
You see here a +0 short sword.
You barely miss Ijyb. Ijyb hits you but does no damage.
Ijyb hits you with a +2 antimagic dagger.
You hit Ijyb.
Ijyb is lightly wounded.
Ijyb hits you but does no damage.
You closely miss Ijyb.
Ijyb is lightly wounded.
Ijyb screams, "You nasty!
Big nasty!"
You block Ijyb's attack.
You barely miss Ijyb.
Ijyb is lightly wounded.
Ijyb zaps a wand.
The bolt of acid hits you. The acid corrodes you!
Ijyb hits you with a +2 antimagic dagger.
You hit Ijyb but do no damage.
Ijyb is lightly wounded.
Ijyb hits you but does no damage.
You closely miss Ijyb.
Ijyb is lightly wounded.
Ijyb zaps a wand.
The bolt of acid hits you!
You barely miss Ijyb.
Ijyb is lightly wounded.
Ijyb closely misses you.
Ijyb hits you with a +2 antimagic dagger.
You feel your power leaking away.
2312 ||| READING scroll of teleportation.
As you read the scroll of teleportation, it crumbles to dust.
You feel strangely unstable.
Ijyb zaps a wand.
The bolt of acid hits you!
You die...

.#... #.#.######
........# .......
..... ### #### ...
.S.# #... #g#
#..####..##
#@#######.S.#<.#
#))....# #.S.## #
#..#####.#####%..###
##. #.....%.#.... ##
#####.....#.)
#..###.... #.##
###.. #. ##># ..
#..#


You could see Ijyb.

Vanquished Creatures
  Jessica (D:2)
  Natasha (D:3)
  5 adders
  2 worms
  9 orcs (D:3)
  5 ball pythons
  6 endoplasms
  3 goblins
  3 hobgoblins
  2 jackals (D:1)
  2 quokkas
  4 bats
  2 frilled lizards (D:2)
  3 kobolds
  3 rats
51 creatures vanquished.

Vanquished Creatures (others)
  2 plants (D:1)
2 creatures vanquished.

Grand Total: 53 creatures vanquished

Notes
Turn   | Place    | Note
-------+----------+-------------------------------------------
     0 | D:1      | qw the Gargoyle Fighter began the quest for the Orb.
     0 | D:1      | Reached XP level 1. HP: 14/14 MP: 1/1
     0 | D:1      | 0 ||| qw: Version: 0.2-a-9-g4872b50
     0 | D:1      | 0 ||| qw: Game counter: 77
     0 | D:1      | 0 ||| qw: Always use a shield: true
     0 | D:1      | 0 ||| qw: God list: Okawaru
     0 | D:1      | 0 ||| qw: Allow faded altars: false
     0 | D:1      | 0 ||| qw: Do Orc after D:15 true
     0 | D:1      | 0 ||| qw: Do second Lair branch before Depths: true
     0 | D:1      | 0 ||| qw: Lair rune preference: random
     0 | D:1      | 0 ||| qw: Plans: Normal, Zot:1-4, God:TSO, Crypt, Tomb,
                  | Pan, Slime:5, Hells, Abyss, Orb
     0 | D:1      | 0 ||| PLANNING D:1-11
   227 | D:1      | Reached skill level 2 in Axes
   339 | D:1      | Reached XP level 2. HP: 19/19 MP: 2/2
   913 | D:1      | Reached skill level 3 in Axes
  1082 | D:1      | 1082 ||| READING scroll labelled JEXA NOWOI.
  1083 | D:1      | 1083 ||| READING scroll labelled PIOTUPRAYMP.
  1249 | D:2      | Reached XP level 3. HP: 21/23 MP: 3/3
  1608 | D:2      | Reached XP level 4. HP: 27/28 MP: 4/4
  1673 | D:2      | Noticed Jessica
  1677 | D:2      | Killed Jessica
  1678 | D:2      | Reached skill level 4 in Axes
  1953 | D:2      | 1953 ||| UPGRADING to +0 chain mail.
  1963 | D:2      | 1963 ||| DROPPING +0 scale mail.
  1964 | D:2      | 1964 ||| UPGRADING to +0 pair of gloves.
  1969 | D:2      | 1969 ||| UPGRADING to +0 helmet.
  1974 | D:2      | 1974 ||| READING 2 scrolls labelled JEL NACAXOA.
  1977 | D:2      | 1977 ||| READING scroll labelled DYUWUT UPTAIWN.
  1978 | D:2      | 1978 ||| DRINKING 2 fuming golden potions.
  1979 | D:2      | 1979 ||| READING 2 scrolls of identify.
  1979 | D:2      | 1979 ||| IDENTIFYING fuming dark potion
  2013 | D:3      | 2013 ||| Stepping ~*~*~tactically~*~*~ (stealth).
  2035 | D:3      | Found a runed translucent door.
  2036 | D:3      | Noticed BraveToast's ghost (weakling DDFi)
  2056 | D:3      | Noticed Natasha
  2061 | D:3      | Killed Natasha
  2072 | D:3      | Reached XP level 5. HP: 30/32 MP: 5/5
  2076 | D:3      | 2076 ||| Stepping ~*~*~tactically~*~*~ (stealth).
  2079 | D:3      | 2079 ||| Stepping ~*~*~tactically~*~*~ (stealth).
  2080 | D:3      | 2080 ||| Stepping ~*~*~tactically~*~*~ (stealth).
  2089 | D:3      | 2089 ||| Stepping ~*~*~tactically~*~*~ (stealth).
  2105 | D:3      | 2105 ||| DROPPING +0 whip.
  2107 | D:3      | Found a faded altar of an unknown god.
  2234 | D:3      | 2234 ||| Stepping ~*~*~tactically~*~*~ (stealth).
  2271 | D:3      | 2271 ||| Stepping ~*~*~tactically~*~*~ (stealth).
  2274 | D:3      | 2274 ||| Stepping ~*~*~tactically~*~*~ (stealth).
  2276 | D:3      | 2276 ||| Stepping ~*~*~tactically~*~*~ (stealth).
  2298 | D:3      | Noticed Ijyb
  2299 | D:3      | 2299 ||| Stepping ~*~*~tactically~*~*~ (stealth).
  2304 | D:3      | Reached skill level 5 in Axes
  2311 | D:3      | HP: 5/32 [Ijyb/+2 antimagic dagger (5)]
  2312 | D:3      | 2312 ||| READING scroll of teleportation.
  2312 | D:3      | Killed from afar by Ijyb

Levels and vault maps discovered:
D:1:      scummos_arrival_simple_fountains, layout_loops_ring, serial_forest,
          infiniplex_forest_lined_4_way, infiniplex_forest_lined_4_way,
          infiniplex_forest_lined_room_, infiniplex_forest_clump_cross,
          infiniplex_forest_clump_diagonal, infiniplex_forest_end_3,
          minmay_misc_feat_nine_boxes
D:2:      layout_basic, uniq_jessica
D:3:      layout_rooms, mainiacjoe_overflow_cross_hatched,
          basic_ecumenical_altar, gammafunk_ghost_grave, uniq_natasha,
          uniq_ijyb, uniq_crazy_yiuf_cottage

Skill      XL: |  1  2  3  4  5 |
---------------+----------------+-----
Axes           | 2 3 4 5 |  5.0
Fighting       | |  3.2
Armour         | |  3.2
Shields        | |  3.2

Action                   |  1- 3 |  4- 6 || total
-------------------------+-------+-------++-------
Melee: War axe           |    85 |    71 ||   156
Throw: Boomerang         |     1 |    18 ||    19
  Use: Scroll            |     2 |     4 ||     6
       Potion            |       |     1 ||     1
 Stab: Distracted        |       |     1 ||     1
Armor: Scale mail        |    38 |     2 ||    40
       Chain mail        |       |    37 ||    37
Dodge: Dodged            |    54 |    16 ||    70
Block: Buckler           |    20 |     8 ||    28

Table legend:
 A = Non-vault XP
 B = Vault XP
 C = Vault XP percentage of total XP
 D = Non-vault monster count
 E = Vault monster count
 F = Vault count percentage of total count
                 A         B        C        D         E       F
            +---------+---------+-------+---------+---------+-------
      Total |     156 |      72 |  31.6 |      49 |       2 |   3.9
            +---------+---------+-------+---------+---------+-------
        D:1 |      30 |       0 |   0.0 |      17 |       0 |   0.0
        D:2 |      55 |      37 |  40.2 |      11 |       1 |   8.3
        D:3 |      71 |      35 |  33.0 |      21 |       1 |   4.5
            +---------+---------+-------+---------+---------+-------
